[Event "RUDAR VI-GM 2024"]
[Site "Pozarevac"]
[Date "2024.02.14"]
[Round "8.5"]
[White "Sutormin, Danila"]
[Black "Velpula Sarayu"]
[Result "1/2-1/2"]
[ECO "E97"]
[WhiteElo "2353"]
[BlackElo "2444"]
[Annotator "RC"]
[PlyCount "53"]
[EventDate "2024.02.12"]
[EventType "tourn"]
[EventCountry "SRB"]
[SourceTitle "playchess.com"]
[Source "ChessBase"]
[SourceQuality "1"]
[TimeControl "5400+30"]

1. d4 Nf6 2. c4 g6 3. Nc3 Bg7 4. e4 d6 5. Nf3 O-O 6. Be2 e5 7. O-O Nc6 8. d5 Ne7 9. b4 a5 10. bxa5 Rxa5 11. a4 b6 12. Nd2 Ra8 13. Nb3 Ne8 14. a5 bxa5 15. Nxa5 Rb8 16. Be3 f5 17. f3 h5 18. Qc2 f4 19. Ba7 Ra8 20. Bf2 Rb8 21. c5 g5 22. Rfb1 Rb7 23. Rb4 Rxb4 24. Rb1 dxc5 25. Rxb4 Nf6 26. Rb8 c6 27. Bb5 1/2-1/2

[Event "RUDAR VI-GM 2024"]
[Site "Pozarevac"]
[Date "2024.02.15"]
[Round "9.1"]
[White "Velpula Sarayu"]
[Black "Krishna Teja, N."]
[Result "1/2-1/2"]
[ECO "C10"]
[WhiteElo "2444"]
[BlackElo "2349"]
[Annotator "TA"]
[PlyCount "22"]
[EventDate "2024.02.12"]
[EventType "tourn"]
[EventCountry "SRB"]
[SourceTitle "playchess.com"]
[Source "ChessBase"]
[SourceQuality "1"]
[TimeControl "5400+30"]

1. e4 e6 2. d4 d5 3. Nc3 dxe4 4. Nxe4 Bd7 5. Nf3 Bc6 6. Bd3 Nd7 7. O-O Ngf6 8. Nxf6+ Nxf6 (8... Qxf6 $11 9. Be2 Bd6) 9. Re1 $14 {[%emt 0:00:07] White is slightly better.} Be7 10. c3 Bxf3 11. Qxf3 ({Much weaker is} 11. gxf3 O-O $11) 11... c6 {[%emt 0:00:04] White took control after the opening.   Weighted Error Value: White=0.00 (flawless) /Black=0.23 (precise) .  OK:         	White=1     	Black=1} 1/2-1/2

[Event "RUDAR VI-GM 2024"]
[Site "Pozarevac"]
[Date "2024.02.15"]
[Round "9.2"]
[White "Volkov, Dmitriy"]
[Black "Sutormin, Danila"]
[Result "0-1"]
[ECO "B45"]
[WhiteElo "2268"]
[BlackElo "2353"]
[Annotator "TA"]
[PlyCount "156"]
[EventDate "2024.02.12"]
[EventType "tourn"]
[EventCountry "SRB"]
[SourceTitle "playchess.com"]
[Source "ChessBase"]
[SourceQuality "1"]
[TimeControl "5400+30"]

1. e4 c5 2. Nf3 e6 3. d4 cxd4 4. Nxd4 Nf6 5. Nc3 Nc6 6. Ndb5 Bc5 7. Bf4 O-O {[%emt 0:00:07] B45: Sizilianisch (Klassisches System).} 8. Bc7 Qe7 9. Bd6 Bxd6 10. Qxd6 Qd8 11. Nc7 Rb8 12. Be2 b5 13. e5 Ne8 $1 {[%emt 0:00:42] 13...Ne8 punktet besser als 13...b4.} 14. Nxe8 Rxe8 15. O-O b4 16. Ne4 Bb7 17. Qc5 Rf8 18. Bd3 Ba8 19. Rfe1 $146 ({Predecessor:} 19. f4 Qb6 20. Qxb6 Rxb6 21. Rad1 Ne7 22. Kf2 f6 23. exf6 gxf6 24. Nc5 Bc6 25. f5 exf5 {0-1 Zheng,H (2105)-Xie,F (2244) Piraeus IM 12 2023 (8)}) 19... Qb6 20. Qxb6 Rxb6 21. f4 Ne7 22. Nc5 Rc8 23. Nb3 Bd5 24. Re2 f6 25. g3 f5 26. Nd2 Nc6 27. c4 bxc3 28. bxc3 Na5 29. Rc1 Rb2 30. Nf1 Rxe2 31. Bxe2 Rb8 32. Rc2 Rb1 33. Kf2 Nb7 34. Nd2 Rh1 35. Nf1 Nc5 36. Bb5 Kf8 37. Ke3 $1 Ke7 38. Kd4 Nb7 39. Ne3 $1 Be4 40. Rb2 h6 41. Bd3 Bc6 42. Bb5 (42. Nc4 $11) 42... Be4 43. Bd3 Bf3 44. Bf1 Nd8 45. Kc5 g5 46. Rd2 Bc6 47. Rb2 Rg1 (47... h5 $15) 48. Kd4 Be4 49. Kc5 Nc6 50. Rd2 gxf4 51. gxf4 h5 52. Rf2 h4 53. Rd2 Rg8 54. Nc4 Bd5 (54... Rg4 $5 55. Rf2 $8 Nd8 $11) 55. Ne3 Bf3 56. Bg2 (56. Nc4 $5) 56... Rc8 ({Vergiftet wäre} 56... Nxe5 $2 57. fxe5 Bh5 58. Bf1 $18) 57. Kb5 Bh5 58. Nc4 Nb8 59. Bf1 Bf3 60. Bg2 Bg4 61. Kb4 Na6+ 62. Kb3 (62. Kb5 $1 $11) 62... h3 $15 63. Bf1 Nc5+ 64. Kc2 Bf3 ({Günstiger ist} 64... Ne4 $17 65. Rd4 Bh5) 65. Nd6 $1 $11 Rh8 66. Rf2 Bc6 67. c4 a5 68. Kc3 Ne4+ 69. Nxe4 Bxe4 70. Kd4 a4 71. Rb2 Bc6 72. Rc2 Be4 73. Rb2 Rh4 74. Rf2 a3 75. Kc3 Bg2 76. Be2 d6 77. exd6+ Kxd6 78. Kb4 (78. Bd3 $1 $11 {hält das Gleichgewicht.}) 78... e5 0-1

[Event "RUDAR VI-GM 2024"]
[Site "Pozarevac"]
[Date "2024.02.15"]
[Round "9.4"]
[White "Garifullina, Leya"]
[Black "Zemlyanskii, Ivan"]
[Result "1/2-1/2"]
[ECO "D12"]
[WhiteElo "2422"]
[BlackElo "2492"]
[Annotator "TA"]
[PlyCount "28"]
[EventDate "2024.02.12"]
[EventType "tourn"]
[EventCountry "SRB"]
[SourceTitle "playchess.com"]
[Source "ChessBase"]
[SourceQuality "1"]
[TimeControl "5400+30"]

1. d4 d5 2. c4 c6 3. Nf3 Nf6 4. e3 Bf5 5. Nc3 e6 6. Nh4 Bg6 7. Qb3 Qc7 8. Nxg6 hxg6 9. Bd2 {[%emt 0:00:08] White is slightly better.} Nbd7 {[%emt 0:00:02] The position is equal.} 10. cxd5 exd5 11. O-O-O a5 12. Qc2 Rxh2 13. Rxh2 Qxh2 14. a3 Nb6 {[%emt 0:00:38] A rather calm draw.   Weighted Error Value: White=0.09 (flawless) /Black=0.01 (flawless) .  Inaccurate:     	White=1     	---        OK:         	White=1     	Black=2} 1/2-1/2

[Event "RUDAR VI-GM 2024"]
[Site "Pozarevac"]
[Date "2024.02.15"]
[Round "9.5"]
[White "Ahmadzada, Ahmad"]
[Black "Apaar Saxena"]
[Result "1-0"]
[ECO "C50"]
[WhiteElo "2501"]
[BlackElo "2150"]
[Annotator "TA"]
[PlyCount "79"]
[EventDate "2024.02.12"]
[EventType "tourn"]
[EventCountry "SRB"]
[SourceTitle "playchess.com"]
[Source "ChessBase"]
[SourceQuality "1"]
[TimeControl "5400+30"]

1. e4 e5 2. Nf3 Nc6 3. Bc4 d6 4. d4 Nf6 5. c3 Bg4 {[%emt 0:00:38] [#]} (5... Nxe4 $11 6. Bd5 Nf6 7. Bxc6+ bxc6) 6. Be3 (6. Qb3 $1 $16) 6... Be7 (6... Nxe4 7. Qb3 Na5 8. Bxf7+ Ke7 9. Qb4 (9. Qd5 Nf6 $14) 9... Kxf7 10. Qxa5 $14) 7. d5 Nb8 8. Bd3 {[%emt 0:05:21] White has an edge.} O-O 9. c4 a5 10. Nc3 Na6 11. Be2 Nd7 12. Nd2 Bxe2 13. Qxe2 Nac5 {[%emt 0:01:04] [#]} (13... Bg5 $11) 14. h4 $1 $14 c6 (14... a4 15. g3) 15. g3 Qb6 16. Rb1 Qd8 17. b3 f5 18. exf5 Rxf5 19. a3 cxd5 20. Nxd5 e4 {[%emt 0:00:49] Loses the game.} (20... Nb6 $16) 21. O-O $18 Nf6 22. Nxf6+ Bxf6 {[%emt 0:00:49] [#]} 23. b4 $1 axb4 24. axb4 Nd3 (24... Na4 {keeps fighting.} 25. Nxe4 Nc3 26. Nxc3 Bxc3) 25. Nxe4 Ne5 26. f4 Nc6 27. g4 d5 28. Ng3 Nd4 29. Qd2 Ra3 (29... dxc4 $142 30. Nxf5 (30. gxf5 Ra3 $18) 30... c3) 30. Nxf5 Nxf5 31. gxf5 d4 32. Bf2 Bxh4 33. Ra1 Rh3 34. Rfe1 Rf3 35. Re2 d3 36. Kg2 {[%emt 0:00:23] Strongly threatening Bxh4.} Qf6 37. Ra8+ Kf7 38. Kxf3 (38. Bc5 $142 Rg3+ 39. Kh2 Qxf5 40. Rf8+ Kg6 41. Rxf5 Kxf5 42. Re5+ Kg4 43. Qd1+ Rf3 44. Be3 (44. Kg2 Kxf4 45. Qa1 Rg3+ 46. Kh2 Rh3+ 47. Kxh3 Bf2 48. Bxf2 h6 49. Bg3+ Kf3 50. Qh1#)) 38... dxe2 39. Qd5+ Ke7 40. Bc5+ {[%emt 0:00:03] Weighted Error Value: White=0.13 (very precise) /Black=0.66.  Mistake:       	---       	Black=4      Inaccurate:     	---       	Black=3      OK:         	White=9     	Black=6      Best:        	White=3     	---        Strong:       	White=1     	---} 1-0